Map: [ESL] Goldenaura

Players

Aristori

  • Race: Zerg Zerg
  • Spawn Location: 5:00

PtitDrogo - Winner!

  • Race: Protoss Protoss
  • Spawn Location: 12:00

Event: ESL SC2 Masters 2024 Spring (Regional)

VOD

Have the link to the VOD?

Description

Time

  • Played on: April 17, 2024, 12:49 p.m.
  • Length: 17:51

All games in this series

Show
View Real Time Build Order
Export as new Build Order

Aristori Zerg 

Build Orders: Hatch First, Brood Lord Corruptor 

Get SALT Encoding   

  12  0:00  Drone  
  13  0:13  Overlord  
  13  0:17  Drone  
  14  0:31  Drone x2  
  16  0:46  Drone  
  17  0:52  Hatchery  
  17  0:56  Drone  
  17  0:59  Drone  
  18  1:10  Extractor  
  17  1:14  Spawning Pool  
  16  1:19  Drone  
  16  1:22  Drone  
  18  1:29  Drone  
  19  1:39  Drone  
  20  1:51  Overlord  
  20  2:01  Queen  
  22  2:04  Queen  
  22  2:05  Zergling x2, Drone  
  26  2:12  Zergling x2  
  26  2:14  Metabolic Boost  
  27  2:16  Drone  
  28  2:23  Drone  
  28  2:26  Drone  
  30  2:40  Queen  
  32  2:46  Hatchery  
  32  2:50  Overlord  
  31  2:52  Drone  
  31  2:53  Drone  
  33  3:05  Drone x3  
  35  3:09  Queen  
  38  3:15  Drone  
  38  3:18  Queen  
  38  3:19  Drone  
  42  3:27  Overlord  
  42  3:28  Drone x2  
  44  3:38  Overlord  
  44  3:45  Spore Crawler  
  44  3:47  Queen  
  45  3:51  Drone x5  
  50  4:00  Drone x5  
  55  4:11  Drone, Queen  
  55  4:13  Spore Crawler  
  55  4:15  Drone x3  
  55  4:16  Drone  
  61  4:22  Drone  
  61  4:23  Drone x3  
  61  4:33  Drone x5  
  66  4:44  Spore Crawler  
  65  4:47  Drone  
  65  4:51  Roach Warren  
  65  4:52  Overlord x2  
  65  5:00  Overlord, Queen  
  65  5:01  Evolution Chamber  
  66  5:12  Drone x8  
  71  5:18  Lair  
  71  5:19  Drone x6  
  77  5:30  Zerg Melee Weapons Level 1, Hatchery  
  77  5:31  Extractor  
  77  5:32  Drone x5, Extractor  
  77  5:34  Drone  
  80  5:39  Extractor  
  80  5:40  Extractor  
  80  5:41  Extractor  
  77  5:56  Drone  
  78  6:00  Drone x3  
  78  6:01  Drone  
  81  6:05  Drone  
  81  6:06  Overlord x2  
  81  6:09  Overlord  
  81  6:10  Overlord  
  82  6:16  Spire  
  82  6:17  Overlord  
  81  6:27  Roach x7  
  81  6:28  Zergling x2  
  81  6:29  Zergling x6  
  99  6:34  Drone x4  
  99  6:37  Spore Crawler, Extractor  
  99  6:39  Glial Reconstitution, Extractor  
  100  6:40  Baneling Nest  
  100  6:43  Zergling x2  
  100  6:44  Zergling x6  
  103  6:53  Roach x8  
  119  7:04  Roach  
  119  7:06  Overlord  
  119  7:08  Overlord x3  
  119  7:09  Zergling x8  
  119  7:13  Ravager  
  123  7:18  Drone x5  
  123  7:19  Overlord  
  128  7:28  Mutalisk x8  
  143  7:34  Mutalisk  
  141  7:38  Drone x3  
  144  7:44  Zerg Flyer Weapons Level 1  
  144  7:45  Centrifugal Hooks  
  144  7:46  Drone x4  
  145  8:02  Mutalisk x3  
  151  8:08  Drone x9  
  160  8:19  Overlord x2  
  160  8:22  Hatchery  
  159  8:27  Queen  
  159  8:32  Overlord x2  
  159  8:35  Overlord  
  159  8:42  Mutalisk x8  
  175  8:51  Overlord x2  
  173  9:03  Queen  
  173  9:05  Mutalisk x6  
  185  9:16  Mutalisk, Infestation Pit  
  184  9:20  Zergling x28  
  198  9:35  Hatchery  
  198  9:37  Baneling x3  
  198  9:38  Baneling x17  
  193  9:40  Zergling x8  
  197  9:54  Hive  
  165  10:24  Zergling x16  
  165  10:25  Zergling x16  
  181  10:29  Zergling x16  
  181  10:30  Zergling x16  
  134  11:05  Corruptor x6  
  134  11:07  Roach x8  
  134  11:10  Baneling x10  
  158  11:14  Greater Spire  
  158  11:20  Drone x12  
  158  11:22  Corruptor x5  
  168  11:45  Overlord  
  147  11:59  Spore Crawler  
  137  12:21  Zergling x26  
  150  12:26  Brood Lord x10  
  150  12:27  Brood Lord  
  172  12:31  Drone x7  
  172  12:33  Extractor  
  172  12:36  Zergling x28  
  191  12:46  Zerg Flyer Weapons Level 2  
  179  13:10  Adrenal Glands  
  175  13:14  Corruptor x5  
  175  13:16  Hatchery  
  175  13:18  Drone x11  
  190  13:21  Extractor  
  187  13:28  Hatchery  
  186  13:39  Hatchery  
  180  13:45  Infestor x3  
  169  13:56  Viper  
  166  14:04  Roach x10  
  166  14:05  Queen  
  184  14:13  Infestor  
  182  14:26  Roach x8  
  192  14:39  Zergling x6  
  195  14:49  Overlord x2  
  195  14:53  Overlord  
  195  15:06  Spore Crawler x2  
  191  15:08  Spore Crawler  
  191  15:13  Corruptor x5  
  192  15:17  Neural Parasite  
  192  15:18  Burrow  
  200  15:27  Spore Crawler  
  200  15:28  Hatchery  
  198  15:29  Spore Crawler  
  198  15:30  Spore Crawler  
  198  15:32  Zerg Melee Weapons Level 2  
  195  15:53  Drone x4  
  199  16:08  Infestor x4  
  174  16:28  Zergling x30  
  173  16:39  Zergling x8  
  182  16:40  Zergling x10  
  141  17:01  Roach x4  
  141  17:02  Roach x4  
  150  17:12  Spawning Pool  
  139  17:26  Drone x11  
Show
View Real Time Build Order
Export as new Build Order

PtitDrogo Protoss - Winner!

Build Orders: 1 Gate Expand, Oracle Opening 

Get SALT Encoding   

  12  0:00  Probe  
  13  0:12  Probe  
  14  0:19  Pylon  
  14  0:24  Probe  
  15  0:37  Probe (Chrono Boost)  
  15  0:41  Gateway  
  16  0:46  Probe (Chrono Boost)  
  17  0:51  Assimilator, Probe (Chrono Boost)  
  18  1:03  Probe  
  19  1:16  Probe  
  20  1:28  Nexus  
  20  1:39  Cybernetics Core  
  20  1:42  Probe  
  20  1:46  Assimilator  
  21  1:54  Probe  
  21  1:56  Pylon  
  22  2:06  Probe  
  23  2:13  Adept (Chrono Boost)  
  23  2:18  Probe  
  23  2:21  Stargate  
  26  2:30  Warp Gate  
  26  2:31  Probe (Chrono Boost)  
  26  2:35  Adept  
  29  2:40  Probe (Chrono Boost)  
  31  2:48  Probe (Chrono Boost)  
  31  2:49  Probe (Chrono Boost)  
  32  2:54  Probe x2 (Chrono Boost)  
  34  3:03  Oracle (Chrono Boost)  
  34  3:07  Probe x2  
  39  3:14  Pylon  
  39  3:16  Gateway  
  39  3:19  Probe  
  40  3:25  Probe  
  41  3:30  Oracle (Chrono Boost)  
  41  3:31  Probe  
  45  3:37  Probe  
  46  3:43  Probe  
  46  3:47  Nexus  
  47  3:49  Probe  
  47  3:51  Pylon  
  48  3:55  Probe  
  48  4:01  Probe  
  50  4:03  Oracle  
  50  4:08  Probe (Chrono Boost)  
  54  4:11  Assimilator  
  54  4:12  Assimilator  
  54  4:13  Pylon, Probe (Chrono Boost)  
  55  4:17  Adept  
  55  4:20  Probe (Chrono Boost)  
  59  4:25  Probe (Chrono Boost)  
  59  4:28  Probe (Chrono Boost)  
  59  4:30  Probe (Chrono Boost)  
  60  4:34  Probe  
  62  4:40  Probe  
  62  4:42  Twilight Council  
  62  4:43  Robotics Facility  
  62  4:44  Forge  
  63  4:46  Probe  
  64  4:54  Gateway  
  64  4:55  Probe  
  64  4:56  Gateway  
  64  4:58  Probe  
  66  5:01  Stalker  
  66  5:02  Stalker  
  66  5:04  Probe  
  71  5:08  Probe (Chrono Boost)  
  72  5:15  Probe (Chrono Boost)  
  72  5:16  Probe (Chrono Boost)  
  72  5:20  Probe (Chrono Boost)  
  72  5:21  Charge, Protoss Ground Weapons Level 1 (Chrono Boost)  
  75  5:22  Shield Battery  
  75  5:26  Probe x2 (Chrono Boost)  
  75  5:28  Probe (Chrono Boost)  
  78  5:30  Pylon, Observer  
  78  5:32  Probe, Shield Battery  
  80  5:36  Probe  
  80  5:40  Templar Archives  
  80  5:42  Pylon, Probe  
  82  5:44  Probe  
  82  5:45  Pylon  
  82  5:48  Probe  
  84  5:52  Warp Prism (Chrono Boost)  
  84  5:55  Probe  
  84  5:56  Probe  
  88  6:00  Probe  
  88  6:01  Assimilator  
  88  6:03  Assimilator, Gateway  
  89  6:06  Gateway  
  89  6:07  Probe  
  90  6:13  Pylon, Probe x2, Gateway  
  90  6:17  High Templar x3  
  98  6:27  Psionic Storm  
  98  6:29  Immortal (Chrono Boost)  
  101  6:36  Pylon  
  101  6:37  Pylon  
  101  6:44  Zealot  
  101  6:45  Pylon  
  103  6:47  Nexus  
  103  6:50  Pylon  
  103  6:51  Zealot  
  105  6:56  High Templar x2  
  105  6:59  Probe x3  
  112  7:03  Immortal  
  116  7:08  Photon Cannon, Shield Battery  
  116  7:10  Photon Cannon  
  116  7:11  Photon Cannon, Probe  
  116  7:14  Probe x2  
  119  7:23  Probe  
  119  7:26  Probe x2  
  122  7:36  Phoenix (Chrono Boost), Probe  
  123  7:38  Probe  
  123  7:40  Assimilator, Probe  
  123  7:43  Photon Cannon  
  127  7:44  Assimilator, Protoss Ground Weapons Level 2  
  127  7:45  Shield Battery  
  127  7:46  Photon Cannon  
  127  7:49  Probe  
  127  7:51  Blink  
  128  8:00  Phoenix (Chrono Boost)  
  128  8:05  Fleet Beacon, Stargate  
  124  8:09  Probe  
  124  8:11  Probe  
  123  8:13  Photon Cannon  
  123  8:15  Shield Battery  
  123  8:17  High Templar x2  
  123  8:18  Zealot x5  
  137  8:21  Archon, Phoenix (Chrono Boost)  
  136  8:33  Probe  
  135  8:37  Phoenix (Chrono Boost), Anion Pulse-Crystals (Chrono Boost), Gateway  
  135  8:40  Gateway  
  137  8:47  Pylon  
  137  8:49  Pylon, Phoenix (Chrono Boost), Gateway  
  137  8:50  Gateway  
  139  8:58  High Templar x2  
  139  8:59  Zealot x2  
  139  9:02  Phoenix (Chrono Boost)  
  145  9:03  Stalker x3  
  145  9:05  Phoenix  
  155  9:16  Probe  
  154  9:25  Stargate  
  153  9:38  Stalker x6  
  163  9:42  Pylon  
  163  9:46  Phoenix (Chrono Boost)  
  167  9:54  Phoenix (Chrono Boost)  
  167  9:56  Photon Cannon  
  167  9:58  Nexus  
  167  9:59  Photon Cannon  
  161  10:02  Pylon, Stalker x7  
  161  10:06  Pylon  
  161  10:07  Phoenix  
  171  10:11  Phoenix  
  171  10:12  Phoenix  
  165  10:26  Photon Cannon  
  165  10:27  Photon Cannon, Probe x2  
  168  10:28  Probe x2  
  168  10:30  Photon Cannon  
  168  10:31  Shield Battery  
  168  10:32  Zealot, Phoenix  
  168  10:33  Zealot x2  
  177  10:40  Zealot  
  172  10:47  Stalker x3  
  172  10:48  Probe  
  176  10:56  Stalker x2  
  180  10:57  Archon  
  180  11:02  Probe  
  166  11:04  Pylon  
  166  11:05  Pylon  
  166  11:06  Probe  
  166  11:09  Probe x2  
  166  11:10  Pylon  
  165  11:12  High Templar x7, Photon Cannon  
  165  11:15  Shield Battery  
  179  11:38  Zealot x3  
  179  11:39  Zealot  
  186  11:50  Stalker x3  
  186  11:51  Zealot x4  
  200  12:06  Protoss Ground Weapons Level 3 (Chrono Boost)  
  200  12:07  Stalker x3  
  200  12:08  Photon Cannon  
  198  12:11  Photon Cannon  
  198  12:13  Photon Cannon  
  198  12:14  Shield Battery  
  194  12:20  High Templar  
  194  12:21  Zealot, High Templar  
  200  12:25  Archon  
  200  12:26  Assimilator  
  200  12:27  Assimilator  
  200  12:49  Protoss Air Weapons Level 1 (Chrono Boost)  
  192  12:59  Tempest x3 (Chrono Boost)  
  167  13:25  Zealot x10  
  167  13:26  Zealot  
  189  13:36  Pylon, Nexus  
  189  13:39  Tempest x3 (Chrono Boost)  
  188  13:52  Zealot x3  
  188  13:53  Zealot x4  
  200  13:58  Photon Cannon  
  200  13:59  Photon Cannon  
  200  14:02  Shield Battery  
  200  14:08  Observer (Chrono Boost)  
  199  14:21  Observer (Chrono Boost)  
  188  14:37  Warp Prism (Chrono Boost)  
  176  15:08  Assimilator, Protoss Air Weapons Level 2 (Chrono Boost)  
  176  15:09  Observer (Chrono Boost)  
  176  15:10  Assimilator  
  177  15:14  Shield Battery  
  177  15:18  Protoss Shields Level 1 (Chrono Boost), Photon Cannon x2  
  195  15:22  Cybernetics Core  
  195  15:32  High Templar x2  
  199  15:41  Gateway  
  199  15:43  Gateway  
  199  15:46  Gateway  
  199  15:47  Gateway  
  179  16:05  Zealot x10  
  176  16:32  Stalker x2  
  176  16:33  Stalker x8  
  196  16:43  Zealot  
  196  16:44  Zealot x4  
  172  16:58  Stalker x9  
  172  16:59  Zealot  
  195  17:12  Zealot x2  
  193  17:26  Zealot, Stalker x4  
  189  17:35  Zealot  
  189  17:36  Zealot x9  
  187  17:47  Zealot  
Tags
 
Add a new tag
Caveats
  • Supply blocks, unpowered buildings, or Contaminate may cause inaccurate times.
  • Supply counts are checked every 10 seconds.